 Dungeon Sprint DCSS version 0.30-a0-920-g7493c07aab (webtiles) character file.

Game seed: 16333787721552111622

11049 Atreus the Sculptor of Flesh (level 11, 0/105 HPs)
             Began as an Armataur Monk on Mar 21, 2023.
             Was an Initiate of Yredelemnul.
             Killed from afar by a fire giant (9 damage)
             ... with a bolt of fire
             ... in the Dungeon (Sprint V: "Ziggurat Sprint").
             The game lasted 00:08:37 (425 turns).

Atreus the Sculptor of Flesh (Armataur Monk)         Turns: 425, Time: 00:08:38

Health: 0/105      AC: 32    Str: 33    XL:     11   Next: 44%
Magic:  23/25      EV:  1    Int: 10    God:    Yredelemnul [......]
Gold:   0          SH: 29    Dex: 13    Spells: 10/10 levels left

rFire   . . .      SeeInvis +    D - +16 obsidian axe {drain, demonic, Mesm Drain Fly SInv}
rCold   . . .      Faith    +    F - +18 shield of the Gong {Loud rN+ Will+ rCorr EV-5}
rNeg    + . .      Spirit   .    E - +15 Maxwell's patent armour {-Cast -Tele rElec Will+ rCorr}
rPois   .          Reflect  .    (no helmet)
rElec   +          Roll     +    (no cloak)
rCorr   +          NoTele   +    J - +3 pair of gauntlets of War {Slay+5}
Will    ++...      NoCast   +    (no barding) Stlth
                                 M - amulet of faith
HPRegen 0.37/turn                A - +6 ring of strength
MPRegen 0.19/turn                B - +6 ring of strength

@: flying, mesmerised, studying Fighting, invisible
A: large, rugged brown scales 3, deformed body, armoured tail, roll, long
tongue, awkward tongue
a: Renounce Religion, Recall Undead Harvest


You were in the Dungeon.
You worshipped Yredelemnul.
Yredelemnul was greatly pleased with you.
You visited 1 branch

Inventory:

Hand Weapons
 a - a +0 hand axe
 D - the +16 obsidian axe (weapon) {drain, demonic, Mesm Drain Fly SInv}
   (You found it in the Dungeon)

   Mesm:      Its wielder is mesmerised by any visible foes, and it cannot be
   unequipped while any foes are visible.
   SInv:      It lets you see invisible.
   Fly:       It grants you flight.
   Drain:     It drains your maximum health when unequipped.
 N - the +8 autumn katana {manifold assault}
   (You found it in the Dungeon)

   Manifold Assault: It sometimes launches melee attacks against multiple
   visible enemies.
 P - the +9 staff of Wucad Mu {*channel}
   (You found it in the Dungeon)

   *Channel:  It occasionally powers its wielder's spells, but with a chance of
   causing confusion or draining the wielder's intelligence.
   It becomes more likely to activate and less likely to backfire with increased
   Evocations skill.
Armour
 b - a +0 robe
 E - the +15 Maxwell's patent armour (worn) {-Cast -Tele rElec Will+ rCorr}
   (You found it in the Dungeon)

   rElec:     It insulates you from electricity.
   -Cast:     It prevents spellcasting.
   -Tele:     It prevents most forms of teleportation.
   rCorr:     It protects you from acid and corrosion.
   Will:      It increases your willpower.
 F - the +18 shield of the Gong (worn) {Loud rN+ Will+ rCorr EV-5}
   (You found it in the Dungeon)

   Loud:      It is deafeningly noisy when blocking attacks.
   EV:        It affects your evasion (-5).
   rN:        It protects you from negative energy.
   rCorr:     It protects you from acid and corrosion.
   Will:      It increases your willpower.
 G - the +1 pair of gloves "Vock" {+Blink}
   (You found it in the Dungeon)

   +Blink:    It lets you blink.
 J - the +3 pair of gauntlets of War (worn) {Slay+5}
   (You found it in the Dungeon)

   Slay:      It affects your accuracy & damage with ranged weapons and melee
   (+5).
Jewellery
 v - a ring of flight
 w - a +6 ring of dexterity
 x - a +6 ring of dexterity
 y - a +6 ring of intelligence
 z - a +6 ring of intelligence
 A - a +6 ring of strength (left hand)
 B - a +6 ring of strength (right hand)
 H - a ring of ice
 M - an amulet of faith (around neck)
 O - a +6 ring of dexterity
 Q - the amulet of Obsession {rPois rN+ Regen+}
   (You found it in the Dungeon)

   [amulet of regeneration]

   rPois:     It protects you from poison.
   rN:        It protects you from negative energy.
   Regen:     It increases your rate of health regeneration.
Wands
 s - a wand of mindburst (7)
 t - a wand of iceblast (7)
 u - a wand of acid (7)
Scrolls
 i - 4 scrolls of blinking
 m - a scroll of brand weapon
 o - 4 scrolls of amnesia
 p - 6 scrolls of fog
 q - 5 scrolls of identify
 r - 2 scrolls of fear
Potions
 c - a potion of ambrosia
 d - 10 potions of curing
 e - 15 potions of heal wounds
 f - 6 potions of haste
 g - 7 potions of magic
 h - 3 potions of berserk rage
 j - 2 potions of brilliance
 k - a potion of invisibility
 l - 4 potions of resistance
 n - 5 potions of might
Miscellaneous
 C - a lightning rod (4/4)
 I - a tin of tremorstones (2/2)
 K - a phial of floods
 L - a condenser vane (inert)
 R - a condenser vane (inert) (quivered)


   Skills:
 - Level 10.1 Fighting
 - Level 10.4 Axes
 - Level 11.5 Armour
 - Level 2.1 Dodging
 - Level 2.1 Stealth
 - Level 8.8 Shields
 * Level 20.3 Invocations


You had 10 spell levels left.
You didn't know any spells.
Your spell library contained the following spells:

 Spells                   Type           Power      Damage    Failure   Level
 Beastly Appendage        Tmut           0%         N/A       99%         1
 Cigotuvi's Dreadful Rot  Necr/Pois/Air  0%         N/A       99%         2
 Stone Arrow              Conj/Erth      0%         3d7       100%        3
 Summon Guardian Golem    Hex/Summ       0%         N/A       100%        3
 Tukima's Dance           Hex            0%         N/A       100%        3
 Animate Armour           Summ/Erth      0%         N/A       100%        4
 Passage of Golubria      Tloc           0%         N/A       100%        4
 Blade Hands              Tmut           0%         N/A       100%        5
 Yara's Violent Unravell  Hex/Tmut       0%         3d3       100%        5
 Haunt                    Necr/Summ      0%         N/A       100%        7
 Infestation              Necr           0%         N/A       100%        8
 Lehudib's Crystal Spear  Conj/Erth      0%         10d2      100%        8
 Death's Door             Necr           0%         N/A       100%        9
 Polar Vortex             Ice            0%         N/A       100%        9
 Animate Dead             Necr           Unusable   N/A       N/A         4

Dungeon Overview and Level Annotations

Branches:
Dungeon (1/1)

Altars:
Ashenzari
Cheibriados
Dithmenos
Elyvilon
Fedhas
Gozag
Hepliaklqana
Kikubaaqudgha
Makhleb
Nemelex Xobeh
Okawaru
Qazlal
Ru
Sif Muna
Trog
Uskayaw
Vehumet
Wu Jian
Xom
Yredelemnul
Zin
The Shining One
Jiyva
Lugonu


Innate Abilities, Weirdness & Mutations

You are completely covered in rugged brown scales. (AC +3, +7% HP)
Armour fits poorly on your strangely shaped body.
You have a long armoured tail.
You roll when moving toward enemies. (Rampage)
Your long tongue fully drains potion bottles. (2x potion effects)
Your tongue gives you trouble enunciating. (1.5x scroll delay)


Message History

Your naga zombie constricts the hell hog.
You fade into invisibility!
You slurp down every last drop of the potion of invisibility!
The hell hog breathes fire at you.
The fireball explodes!
The fireball engulfs you!!
* * * LOW HITPOINT WARNING * * *
The fireball engulfs the hell hog.
The hell hog completely resists.
The fireball engulfs the hell hog.
The hell hog completely resists.
The fireball engulfs the hell hog.
The hell hog completely resists.
The hell hog struggles to escape constriction.
Your orc zombie hits the hell hog but does no damage.
Unknown command.
You feel much better.
You slurp down every last drop of the potion of heal wounds!
Visions of slaying the fire giant flood into your mind.
The hell hog breathes fire at you.
The fireball explodes!
The fireball engulfs you!!
The fireball engulfs the fire giant!
The fire giant resists.
The fireball engulfs the hell hog.
The hell hog completely resists.
The fireball engulfs the hell hog.
The hell hog completely resists.
The fireball engulfs the hell hog.
The hell hog completely resists.
The hell hog bites your orc zombie. The hell hog bites you.
The hell hog is constricted.
The hell hog breathes fire at you.
The fireball explodes!
The fireball engulfs you!!
The fireball engulfs the fire giant!
The fire giant resists.
The fireball engulfs the hell hog.
The hell hog completely resists.
The fireball engulfs the hell hog.
The hell hog completely resists.
The fireball engulfs the hell hog.
The hell hog completely resists.
The fireball engulfs the hell hog.
The hell hog completely resists.
The hell hog bites you but does no damage.
The fire giant hits you with a +0 great sword of flaming!!
* * * LOW HITPOINT WARNING * * *
The fire giant burns you.
* * * LOW HITPOINT WARNING * * *
The fire giant points at you and mumbles some strange words.
The bolt of fire hits the hell hog.
The hell hog completely resists.
The bolt of fire hits you!
You die...
Your body rises from the dead as a mindless zombie.

▓▓▓▓▓▓▓▓▓▓▓
▓...[)[}}...▓...8©8...▓
▓...*.......▓..[.[.[..▓
▓......2....▓...:)..Z.▓
▓..h..h.....▓.........▓
▓....§L§.Z..▓...ZZ....▓
..▓§Ch§h▓..▓.........▓
▓§▓Chh▓Z▓ ▓.........▓
▓..▓.h@h.▓..▓.▓.....▓.▓
▓....§§§§...▓....©....▓
▓▓▓▓▓▓▓▓▓▓▓▓▓▓▓▓▓▓▓▓▓▓▓
▓...8©8...▓...8©8...▓..
▓..:}}[:).▓..))|.)..▓..
▓..[..":..▓..[:.[...▓..
▓...).)...▓.........▓..
▓....).[..▓.........▓..
▓.........▓...))))..▓..


You could see 2 fire giants, 6 hell hogs and a friendly orc zombie.

Vanquished Creatures
  2 ghouls (D)
  An orc warlord (D)
  Erica (D)
  A necromancer (D)
  2 orc knights (D)
  An orc sorcerer (D)
  A komodo dragon (D)
  A troll (D)
  3 slime creatures (D)
  Sigmund (D)
  A golden eye (D)
  Edmund (D)
  A naga (D)
  A water moccasin (D)
  4 orc warriors (D)
  A bullfrog (D)
  Blork the orc (D)
  A necrophage (D)
  A wight (D)
  Dowan (D)
  2 jellies (D)
  Jessica (D)
  An iguana (D)
  An orc wizard (D)
  An adder (D)
33 creatures vanquished.

Vanquished Creatures (collateral kills)
  A vampire mage (D)
  A glowing orange brain (D)
  A necromancer (D)
  An orc sorcerer (D)
  A slime creature (D)
  A large abomination (D)
  2 yaks (D)
  A golden eye (D)
  A basilisk (D)
  A water moccasin (D)
  Duvessa (D)
  2 floating eyes (D)
  3 orc warriors (D)
  A wolf (D)
  A necrophage (D)
  A wight (D)
  2 crimson imps (D)
  A jelly (D)
  An iron imp (D)
  Crazy Yiuf (D)
  4 iguanas (D)
  An orc wizard (D)
  A spectral crimson imp (D)
  An adder (D)
  A shadow imp (D)
  An ufetubus (D)
  A gnoll zombie (D)
  An iguana zombie (D)
  2 jelly zombies (D)
  4 orcs (D)
  3 jackals (D)
  2 ball python zombies (D)
47 creatures vanquished.

Vanquished Creatures (others)
  2 spectral floating eyes (D)
  2 slime creature zombies (D)
  A spectral golden eye (D)
  A water moccasin zombie (D)
  A troll zombie (D)
  2 yak zombies (D)
  A wolf zombie (D)
  A bullfrog zombie (D)
  A basilisk zombie (D)
  A human zombie (D)
  9 orc zombies (D)
  2 iguana zombies (D)
  A jelly zombie (D)
  3 adder zombies (D)
  A spectral shadow imp (D)
  2 bat zombies (D)
  4 ball python zombies (D)
  2 giant cockroach zombies (D)
  A jackal zombie (D)
  A spectral ufetubus (D)
39 creatures vanquished.

Grand Total: 119 creatures vanquished

Notes
Turn   | Place    | Note
-------+----------+-------------------------------------------
     0 | D        | Atreus the Armataur Monk began the quest for the Orb.
     0 | D        | Reached XP level 1. HP: 19/19 MP: 1/1
     0 | D        | Found a blossoming altar of Fedhas.
     0 | D        | Found the +6 Majin-Bo {spellvamp, MP+6 Int+6}
     0 | D        | Found the +27 heavy crossbow "Sniper" {heavy, Acc+∞ SInv}
     0 | D        | Found the +10 dark maul {heavy}
     0 | D        | Found the +15 Maxwell's patent armour {-Cast -Tele rElec
                  | Will+ rCorr}
     0 | D        | Found the +18 shield of the Gong {Loud rN+ Will+ rCorr
                  | EV-5}
     0 | D        | Found the +16 obsidian axe {drain, demonic, Mesm Drain Fly
                  | SInv}
     0 | D        | Found the +7 great mace "Firestarter" {flame, inner flame,
                  | rFlCloud rF++}
     0 | D        | Found the +6 shillelagh "Devastator" {shatter}
     0 | D        | Found the +11 plutonium sword {Contam Stlth-}
     0 | D        | Found the +8 lance "Wyrmbane" {slay drac, rPois rF+ rC+
                  | AC+3}
     0 | D        | Found the +9 sword of Zonguldrok {reap}
     0 | D        | Found the +13 scythe of Curses {drain, curses, Drain}
     0 | D        | Found the +9 sword of Power {lifebolt}
     0 | D        | Found the +7 mace of Variability {chaos, chain chaos}
     0 | D        | Found the +11 Singing Sword {sonic wave}
     0 | D        | Found the +8 storm bow {elec, penet}
     6 | D        | Became a worshipper of Yredelemnul the Dark
     6 | D        | Reached * piety under Yredelemnul
     6 | D        | Reached ** piety under Yredelemnul
    12 | D        | Found a shimmering blue altar of Sif Muna.
    12 | D        | Found a sacrificial altar of Ru.
    12 | D        | Found a bloodstained altar of Trog.
    12 | D        | Found a stormy altar of Qazlal.
    12 | D        | Found an iron altar of Okawaru.
    12 | D        | Found a sparkling altar of Nemelex Xobeh.
    14 | D        | Found a transporter.
    14 | D        | Found an ancient bone altar of Kikubaaqudgha.
    14 | D        | Found a viscous altar of Jiyva.
    14 | D        | Found a corrupted altar of Lugonu.
    14 | D        | Found a hazy altar of Hepliaklqana.
    14 | D        | Found a burning altar of Makhleb.
    14 | D        | Found an opulent altar of Gozag.
    58 | D        | Reached skill level 5 in Fighting
    58 | D        | Reached skill level 5 in Axes
    58 | D        | Reached XP level 2. HP: 32/32 MP: 2/2
    58 | D        | Reached XP level 3. HP: 39/39 MP: 3/3
    68 | D        | Entered arena 2.
    68 | D        | Noticed a floating eye
    68 | D        | Noticed a slime creature
    68 | D        | Found a transporter.
    71 | D        | Paralysed by a floating eye for 4 turns
    75 | D        | Killed a floating eye
    76 | D        | Reached XP level 4. HP: 48/48 MP: 4/4
    91 | D        | Killed a slime creature
    92 | D        | Reached skill level 5 in Shields
    92 | D        | Reached XP level 5. HP: 46/56 MP: 5/5
    92 | D        | Reached XP level 6. HP: 53/65 MP: 6/6
   132 | D        | Entered arena 3.
   132 | D        | Noticed a golden eye
   132 | D        | Noticed a slime creature
   132 | D        | Found a transporter.
   138 | D        | Killed a golden eye
   139 | D        | Killed a slime creature
   139 | D        | Reached *** piety under Yredelemnul
   140 | D        | Reached XP level 7. HP: 65/73 MP: 7/7
   144 | D        | Got the +1 pair of gloves "Vock" {+Blink}
   156 | D        | Entered arena 4.
   156 | D        | Noticed Sigmund
   156 | D        | Noticed Jessica
   156 | D        | Noticed Blork the orc
   156 | D        | Noticed Crazy Yiuf
   156 | D        | Found a transporter.
   158 | D        | Killed Crazy Yiuf
   159 | D        | Killed Jessica
   161 | D        | Killed Sigmund
   162 | D        | Reached skill level 10 in Armour
   163 | D        | Killed Blork the orc
   168 | D        | Entered arena 5.
   168 | D        | Noticed Dowan
   168 | D        | Noticed Duvessa
   168 | D        | Noticed Edmund
   168 | D        | Noticed Erica
   168 | D        | Found a transporter.
   173 | D        | Killed Erica
   173 | D        | Killed Edmund
   173 | D        | Killed Duvessa
   174 | D        | Reached skill level 10 in Fighting
   174 | D        | Reached skill level 10 in Axes
   174 | D        | Reached XP level 8. HP: 84/84 MP: 8/8
   176 | D        | Killed Dowan
   198 | D        | Entered arena 6.
   198 | D        | Found a transporter.
   204 | D        | Reached skill level 3 in Invocations
   204 | D        | Reached XP level 9. HP: 90/90 MP: 8/11
   204 | D        | Reached **** piety under Yredelemnul
   205 | D        | Reached skill level 4 in Invocations
   209 | D        | Acquired a manual of Fighting
   212 | D        | Entered arena 7.
   212 | D        | Found the +3 pair of gauntlets of War {Slay+5}
   212 | D        | Noticed a komodo dragon
   214 | D        | Found a transporter.
   218 | D        | Reached skill level 5 in Invocations
   219 | D        | Reached skill level 6 in Invocations
   219 | D        | Killed a komodo dragon
   220 | D        | Reached skill level 7 in Invocations
   221 | D        | Reached ***** piety under Yredelemnul
   224 | D        | Got Sif Muna's Folio of Gloom and the Boggart
   226 | D        | Got The Lost Handbook of the Hierophant
   241 | D        | Entered arena 8.
   242 | D        | Found a transporter.
   245 | D        | Reached skill level 8 in Invocations
   248 | D        | Reached ****** piety under Yredelemnul
   248 | D        | Reached skill level 9 in Invocations
   249 | D        | Reached skill level 10 in Invocations
   256 | D        | Entered arena 9.
   256 | D        | Noticed a glowing orange brain
   264 | D        | Reached skill level 11 in Invocations
   265 | D        | Your ally Crazy Yiuf died
   269 | D        | Found a transporter.
   270 | D        | Killed a glowing orange brain
   271 | D        | Reached skill level 12 in Invocations
   271 | D        | Reached XP level 10. HP: 99/99 MP: 17/19
   283 | D        | Entered arena 10.
   283 | D        | Found the +8 autumn katana {manifold assault}
   290 | D        | Found a transporter.
   291 | D        | Reached skill level 13 in Invocations
   305 | D        | Got the Notes on Transmutation
   310 | D        | Entered arena 11.
   310 | D        | Found the +9 staff of Wucad Mu {*channel}
   311 | D        | Found a transporter.
   319 | D        | Reached skill level 14 in Invocations
   333 | D        | Entered arena 12.
   333 | D        | Noticed an orc warlord
   333 | D        | Noticed an orc knight
   334 | D        | Noticed an orc knight
   334 | D        | Identified the ring "Vati" {+Blink rF++ Str+6}
   334 | D        | Noticed an orc sorcerer
   334 | D        | Noticed an orc sorcerer
   338 | D        | Noticed a rust devil
   339 | D        | Found a transporter.
   340 | D        | Killed an orc sorcerer
   341 | D        | Your ally Edmund died
   344 | D        | Reached skill level 15 in Invocations
   346 | D        | Killed an orc knight
   349 | D        | Killed an orc warlord
   349 | D        | Killed an orc sorcerer
   350 | D        | Reached skill level 17 in Invocations
   350 | D        | Killed an orc knight
   351 | D        | Reached XP level 11. HP: 72/105 MP: 21/23
   359 | D        | Got the amulet of Obsession {rPois rN+ Regen+}
   364 | D        | Entered arena 13.
   364 | D        | Noticed a ghoul
   364 | D        | Noticed a vampire mage
   364 | D        | Noticed a ghoul
   365 | D        | Noticed a necromancer
   365 | D        | Noticed a necromancer
   366 | D        | Found a transporter.
   373 | D        | Killed a ghoul
   373 | D        | Killed a necromancer
   374 | D        | Reached skill level 18 in Invocations
   375 | D        | Killed a necromancer
   376 | D        | Reached skill level 19 in Invocations
   377 | D        | Killed a ghoul
   379 | D        | Killed a vampire mage
   380 | D        | Reached skill level 20 in Invocations
   418 | D        | Entered arena 14.
   419 | D        | Noticed a fire giant
   419 | D        | Noticed a hell hog
   419 | D        | Noticed a hell hog
   419 | D        | Noticed a hell hog
   419 | D        | Noticed a stoker
   419 | D        | Noticed a hell hog
   419 | D        | Noticed a hell hog
   419 | D        | Noticed a fire giant
   419 | D        | Noticed a hell hog
   419 | D        | Noticed a balrug
   421 | D        | Noticed a hell hog
   425 | D        | Killed from afar by a fire giant

Illustrated notes

Levels and vault maps discovered:
D:        sprint_v [room_start, room_1, room_2, room_3, room_4, room_5, room_6,
          room_7, room_8, room_9, room_10, room_11, room_12, room_13, room_14,
          room_15, room_16, room_17, room_18, room_19, room_20, room_21,
          room_22, room_23, room_24, room_25, room_26, room_27]

Skill      XL: |  1  2  3  4  5  6  7  8  9 10 11 |
---------------+----------------------------------+-----
Fighting       | 5 6 7 8 10 | 10.1
Axes           | 5 6 7 8 10 | 10.4
Armour         | 6 7 8 9 11 | 11.5
Shields        | 3 5 6 8 |  8.8
Invocations    | 3 12 17 20 | 20.3
Dodging        | |  2.1
Stealth        | |  2.1

Action                     |  1- 3 |  4- 6 |  7- 9 | 10-12 || total
---------------------------+-------+-------+-------+-------++-------
  Melee: Broad axe         |       |     7 |    18 |    25 ||    50
         Tailslap          |       |       |     2 |     1 ||     3
 Invoke: Recall Undead Har |       |       |       |     1 ||     1
         Drain Life        |       |       |       |     1 ||     1
  Evoke: Condenser vane    |       |       |       |     1 ||     1
    Use: Potion            |     1 |       |       |     4 ||     5
         Scroll            |       |       |     1 |     1 ||     2
 Armour: Plate armour      |       |       |     5 |    37 ||    42
  Dodge: Dodged            |       |       |       |     1 ||     1
  Block: Kite shield       |       |     1 |    27 |    64 ||    92

Table legend: (Time is in decaauts)
 A = Elapsed time spent in this place.
 B = Non-inter-level travel time spent in this place.
 C = Inter-level travel time spent in this place.
 D = Time resting spent in this place.
 E = Time spent auto-exploring this place.
 F = Levels seen in this place.
 G = Mean time per level.
                   A        B        C        D        E       F      G
               +--------+--------+--------+--------+--------+-----+--------+
         Total |    436 |    436 |      0 |     59 |     12 |   1 |  436.0 |
       Dungeon |    436 |    436 |      0 |     59 |     12 |   1 |  436.0 |
               +--------+--------+--------+--------+--------+-----+--------+

Top non-repeatable levels by time:
       D: 436 daAuts
